UNITED STATES SILVER LEAGUE
SAN FRANCISCO FOG VS SC STORM
08/09/2014
 
TOP OF THE 1ST
SC Storm batting - Pitching for San Francisco Fog : RHP Bill Prowse
Pitching: RHP Bill Prowse
Batting: LHB George Wilcox 0-0: Called Strike
0-1: Swinging Strike
0-2: Strikes out swinging
Batting: LHB Jonathan Brock 0-0: Swinging Strike
0-1: Called Strike
0-2: Foul Ball, location: 2F
0-2: Ball
1-2: Foul Ball, location: 2F
1-2: SINGLE (Groundball, 34D)
Batting: LHB Aukukero Mincarlie 0-0: Ball
1-0: Ball
2-0: Called Strike
2-1: Called Strike
2-2: Fly out, F3 (Line Drive, 3S)
Batting: RHB José Reyes 0-0: Fly out, F8 (Flyball, 8LM)
Top of the 1st over - 0 run(s), 1 hit(s), 0 error(s), 1 left on base; SC 0 - San Francisco 0
BOTTOM OF THE 1ST
San Francisco Fog batting - Pitching for SC Storm : LHP Brian Martin
Pitching: LHP Brian Martin
Batting: RHB Manuel González 0-0: Foul Ball, location: 2F
0-1: Foul Ball, location: 2F
0-2: Ball
1-2: Foul Ball, location: 2F
1-2: Foul Ball, location: 2F
1-2: Foul Ball, location: 2F
1-2: Foul Ball, location: 2F
1-2: Fly out, F3 (Popup, 3F)
Batting: RHB Chris O'Colgley 0-0: Called Strike
0-1: Foul Ball, location: 2F
0-2: Ground out 5-3 (Groundball, 56)
Batting: RHB Fernando López 0-0: Fly out, F8 (Line Drive, 6MD)
Bottom of the 1st over - 0 run(s), 0 hit(s), 0 error(s), 0 left on base; SC 0 - San Francisco 0
TOP OF THE 2ND
SC Storm batting - Pitching for San Francisco Fog : RHP Bill Prowse
Batting: RHB Bryan Carter 0-0: Ball
1-0: Ground out 6-3 (Groundball, 6)
Batting: RHB Miguel Ramírez 0-0: Ball
1-0: Foul Ball, location: 2F
1-1: Swinging Strike
1-2: Fly out, F7 (Flyball, 78XD)
Batting: SHB George Allen 0-0: Swinging Strike
0-1: Ball
1-1: Ground out 4-3 (Groundball, 4)
Top of the 2nd over - 0 run(s), 0 hit(s), 0 error(s), 0 left on base; SC 0 - San Francisco 0
BOTTOM OF THE 2ND
San Francisco Fog batting - Pitching for SC Storm : LHP Brian Martin
Batting: RHB Pablo León 0-0: Ball
1-0: Called Strike
1-1: Fly out, F6 (Popup, 56D)
Batting: RHB Jorge Gonzáles 0-0: Ball
1-0: SOLO HOME RUN (Line Drive, 7LD), Distance : 335 ft
Batting: RHB Mark Ross 0-0: Called Strike
0-1: Called Strike
0-2: Ball
1-2: Fly out, F9 (Line Drive, 89S)
Batting: RHB Matt Mooney 0-0: SINGLE (Line Drive, 4D)
Batting: LHB Manuel Núñez 0-0: Foul Ball, location: 2F
0-1: Called Strike
0-2: Fly out, F9 (Flyball, 89M)
Bottom of the 2nd over - 1 run(s), 2 hit(s), 0 error(s), 1 left on base; SC 0 - San Francisco 1
TOP OF THE 3RD
SC Storm batting - Pitching for San Francisco Fog : RHP Bill Prowse
Batting: LHB Vern Forrest 0-0: Called Strike
0-1: Foul Ball, location: 2F
0-2: Ball
1-2: Fly out, F7 (Line Drive, 7S)
Batting: LHB Brian Martin 0-0: Called Strike
0-1: Ball
1-1: Ball
2-1: Ground out 6-3 (Groundball, 4M)
Batting: LHB George Wilcox 0-0: SINGLE (Line Drive, 8LS)
Batting: LHB Jonathan Brock 0-0: Ball
George Wilcox steals 2nd base
1-0: Swinging Strike
1-1: SINGLE (Line Drive, 78S)
George Wilcox to third
Runner from 3rd tries for Home, SAFE, no throw or cutoff
Batting: LHB Aukukero Mincarlie 0-0: Swinging Strike
0-1: Ball
1-1: Fielders Choice at 2nd, U4 (Groundball, 4M)
Top of the 3rd over - 1 run(s), 2 hit(s), 0 error(s), 1 left on base; SC 1 - San Francisco 1
BOTTOM OF THE 3RD
San Francisco Fog batting - Pitching for SC Storm : LHP Brian Martin
Batting: RHB Bill Prowse 0-0: Swinging Strike
0-1: Ball
1-1: Fly out, F3 (Popup, 34)
Batting: RHB Manuel González 0-0: Ball
1-0: Ball
2-0: Ball
3-0: Base on Balls
Batting: RHB Chris O'Colgley 0-0: Ball
1-0: Fly out, F8 (Popup, 8RS)
Batting: RHB Fernando López 0-0: Called Strike
0-1: Called Strike
0-2: Ground out 6-3 (Groundball, 6)
Bottom of the 3rd over - 0 run(s), 0 hit(s), 0 error(s), 1 left on base; SC 1 - San Francisco 1
TOP OF THE 4TH
SC Storm batting - Pitching for San Francisco Fog : RHP Bill Prowse
Batting: RHB José Reyes 0-0: Ball
1-0: Foul Ball, location: 2F
1-1: Called Strike
1-2: Strikes out looking
Batting: RHB Bryan Carter 0-0: Ball
1-0: Called Strike
1-1: Ball
2-1: SOLO HOME RUN (Flyball, 8RXD), Distance : 435 ft
Batting: RHB Miguel Ramírez 0-0: Called Strike
0-1: Ball
1-1: Called Strike
1-2: Foul Ball, location: 2F
1-2: Ball
2-2: Foul Ball, location: 2F
2-2: Ball
3-2: SOLO HOME RUN (Line Drive, 7LD), Distance : 335 ft
Batting: SHB George Allen 0-0: Called Strike
0-1: Ball
1-1: Ball
2-1: Foul Ball, location: 2F
2-2: Ball
3-2: Ground out U3 (Groundball, 3S)
Batting: LHB Vern Forrest 0-0: Called Strike
0-1: Fly out, F7 (Flyball, 7M)
Top of the 4th over - 2 run(s), 2 hit(s), 0 error(s), 0 left on base; SC 3 - San Francisco 1
BOTTOM OF THE 4TH
San Francisco Fog batting - Pitching for SC Storm : LHP Brian Martin
Batting: RHB Pablo León 0-0: Foul Ball, location: 2F
0-1: SINGLE (Groundball, 34) (infield hit)
Batting: RHB Jorge Gonzáles 0-0: Called Strike
0-1: Swinging Strike
0-2: Ball
1-2: Foul Ball, location: 2F
1-2: Fly out, F9 (Flyball, 89S)
Batting: RHB Mark Ross 0-0: Ball
1-0: Ball
2-0: Foul Ball, location: 2F
2-1: Ball
3-1: Base on Balls
Pablo León to second
Batting: RHB Matt Mooney 0-0: Ball
1-0: Ball
2-0: Ball
3-0: Called Strike
3-1: Fly out, F7 (Flyball, 7LD)
Runner from 2nd tags up, SAFE at 3rd, no throw
Batting: LHB Manuel Núñez 0-0: Ball
1-0: Fly out, F7 (Flyball, 78M)
Bottom of the 4th over - 0 run(s), 1 hit(s), 0 error(s), 2 left on base; SC 3 - San Francisco 1
TOP OF THE 5TH
SC Storm batting - Pitching for San Francisco Fog : RHP Bill Prowse
Batting: LHB Brian Martin 0-0: Ball
1-0: Swinging Strike
1-1: Ball
2-1: Ball
3-1: Base on Balls
Batting: LHB George Wilcox 0-0: Called Strike
0-1: Ball
1-1: Fly out, F7 (Flyball, 78M)
Batting: LHB Jonathan Brock 0-0: Swinging Strike
0-1: Ball
1-1: Swinging Strike
1-2: Ball
2-2: Ball
3-2: Base on Balls
Brian Martin to second
Batting: LHB Aukukero Mincarlie 0-0: Called Strike
0-1: Called Strike
0-2: Ball
1-2: Strikes out swinging
Batting: RHB José Reyes 0-0: Swinging Strike
0-1: Ball
1-1: Ball
2-1: DOUBLE (Flyball, 9LM)
Brian Martin scores
Jonathan Brock to third
Runner from 3rd tries for Home, SAFE, no throw or cutoff
Pitching: RHP Júlio Magana
Batting: RHB Bryan Carter 0-0: Ball
1-0: Ball
2-0: Ground out 5-3 (Groundball, 56)
Top of the 5th over - 2 run(s), 1 hit(s), 0 error(s), 1 left on base; SC 5 - San Francisco 1
BOTTOM OF THE 5TH
San Francisco Fog batting - Pitching for SC Storm : LHP Brian Martin
Batting: LHB Júlio Magana 0-0: Swinging Strike
0-1: Ground out 3-1 (Groundball, 34)
Batting: RHB Manuel González 0-0: Ball
1-0: Ground out 5-3 (Groundball, 15S)
Batting: RHB Chris O'Colgley 0-0: Fly out, F3 (Popup, 3DF)
Bottom of the 5th over - 0 run(s), 0 hit(s), 0 error(s), 0 left on base; SC 5 - San Francisco 1
TOP OF THE 6TH
SC Storm batting - Pitching for San Francisco Fog : RHP Júlio Magana
Batting: RHB Miguel Ramírez 0-0: Ground out 6-3 (Groundball, 6M)
Batting: SHB George Allen 0-0: Swinging Strike
0-1: Foul Ball, location: 2F
0-2: Ball
1-2: Ball
2-2: Strikes out looking
Batting: LHB Vern Forrest 0-0: Ball
1-0: Foul Ball, location: 2F
1-1: Foul Ball, location: 2F
1-2: Ball
2-2: TRIPLE (Flyball, 78M)
Batting: LHB Brian Martin 0-0: Fly out, F4 (Line Drive, 4)
Top of the 6th over - 0 run(s), 1 hit(s), 0 error(s), 1 left on base; SC 5 - San Francisco 1
BOTTOM OF THE 6TH
San Francisco Fog batting - Pitching for SC Storm : LHP Brian Martin
Batting: RHB Fernando López 0-0: Fly out, F7 (Flyball, 7D)
Batting: RHB Pablo León 0-0: Called Strike
0-1: SINGLE (Flyball, 7LM)
Batting: RHB Jorge Gonzáles 0-0: Foul Ball, location: 2F
0-1: Fly out, F7 (Line Drive, 78M)
Batting: RHB Mark Ross 0-0: Foul Ball, location: 2F
0-1: Ball
1-1: Ball
2-1: Swinging Strike
2-2: Foul Ball, location: 2F
2-2: Strikes out looking
Bottom of the 6th over - 0 run(s), 1 hit(s), 0 error(s), 1 left on base; SC 5 - San Francisco 1
TOP OF THE 7TH
SC Storm batting - Pitching for San Francisco Fog : RHP Júlio Magana
Batting: LHB George Wilcox 0-0: SINGLE (Groundball, 34D)
Batting: LHB Jonathan Brock 0-0: Ball
George Wilcox steals 2nd base
1-0: Foul Ball, location: 2F
Single, Error in OF, E9, batter to second base
George Wilcox scores
Batting: LHB Aukukero Mincarlie 0-0: Ball
1-0: Ball
2-0: Fly out, F2 (Popup, 2RF)
Batting: RHB José Reyes 0-0: Called Strike
0-1: Called Strike
0-2: Ball
1-2: Fly out, F8 (Line Drive, 8LM)
Batting: RHB Bryan Carter 0-0: Swinging Strike
0-1: Fly out, F2 (Popup, 2LF)
Top of the 7th over - 1 run(s), 2 hit(s), 1 error(s), 1 left on base; SC 6 - San Francisco 1
BOTTOM OF THE 7TH
San Francisco Fog batting - Pitching for SC Storm : LHP Brian Martin
Now at C: Ron Blanton
Now at 2B: Patrick Crawford
Batting: RHB Matt Mooney 0-0: Called Strike
0-1: Ball
1-1: Ball
2-1: Ball
3-1: Base on Balls
Pitching: RHP Héctor Amaya
Batting: LHB Manuel Núñez 0-0: Called Strike
0-1: Swinging Strike
0-2: Ball
1-2: Fly out, F8 (Flyball, 8LM)
Pinch Hitting: LHB Cristo Nieto 0-0: Ball
1-0: Swinging Strike
1-1: Swinging Strike
1-2: Ball
2-2: Grounds out, U3 (Groundball, 3L)
Batting: RHB Manuel González 0-0: Called Strike
0-1: SINGLE (Line Drive, 8LS)
Matt Mooney to third
Runner from 3rd tries for Home, SAFE, no throw or cutoff
Batting: RHB Chris O'Colgley 0-0: Called Strike
0-1: Foul Ball, location: 2F
0-2: Ball
1-2: Fly out, F3 (Popup, 3F)
Bottom of the 7th over - 1 run(s), 1 hit(s), 0 error(s), 1 left on base; SC 6 - San Francisco 2
TOP OF THE 8TH
SC Storm batting - Pitching for San Francisco Fog : RHP Júlio Magana
Pitching: RHP Peter Scott
Batting: SHB Patrick Crawford 0-0: Ball
1-0: Ball
2-0: Called Strike
2-1: SINGLE (Groundball, 6MD)
Batting: SHB George Allen 0-0: Foul Ball, location: 2F
0-1: Ball
1-1: Foul Ball, location: 2F
1-2: Ball
2-2: Strikes out looking
Batting: LHB Vern Forrest 0-0: DOUBLE (Line Drive, 89M)
Patrick Crawford to third
Pinch Hitting: RHB Ron Humboldt 0-0: Foul Ball, location: 2F
0-1: Ground out 4-3 (Groundball, 4)
Patrick Crawford scores
Vern Forrest to third
Batting: LHB George Wilcox 0-0: Ball
1-0: Swinging Strike
1-1: Swinging Strike
1-2: Strikes out looking
Top of the 8th over - 1 run(s), 2 hit(s), 0 error(s), 1 left on base; SC 7 - San Francisco 2
BOTTOM OF THE 8TH
San Francisco Fog batting - Pitching for SC Storm : RHP Héctor Amaya
Pitching: RHP José Sánchez
Batting: RHB Fernando López 0-0: Foul Ball, location: 2F
0-1: Fly out, F7 (Flyball, 7LM)
Batting: RHB Pablo León 0-0: Ball
1-0: Swinging Strike
1-1: Ball
2-1: Foul Ball, location: 2F
2-2: Foul Ball, location: 2F
2-2: Strikes out swinging
Batting: RHB Jorge Gonzáles 0-0: Called Strike
0-1: Foul Ball, location: 2F
0-2: Ball
1-2: Ground out 4-3 (Groundball, 4M)
Bottom of the 8th over - 0 run(s), 0 hit(s), 0 error(s), 0 left on base; SC 7 - San Francisco 2
TOP OF THE 9TH
SC Storm batting - Pitching for San Francisco Fog : RHP Peter Scott
Batting: LHB Jonathan Brock 0-0: Ball
1-0: Foul Ball, location: 2F
1-1: Ball
2-1: Swinging Strike
2-2: Ball
3-2: SINGLE (Flyball, 89M)
Batting: LHB Aukukero Mincarlie 0-0: Called Strike
0-1: Foul Ball, location: 2F
0-2: Ball
1-2: Foul Ball, location: 2F
1-2: Foul Ball, location: 2F
1-2: SINGLE (Groundball, 25) (infield hit)
Jonathan Brock to second
Pitching: LHP Jeff Stanley
Batting: RHB Ron Blanton 0-0: Called Strike
0-1: Called Strike
0-2: Strikes out swinging
Batting: RHB Bryan Carter 0-0: Ball
1-0: Ball
2-0: Grounds into double play, 6-4-3 (Groundball, 6M)
Top of the 9th over - 0 run(s), 2 hit(s), 0 error(s), 2 left on base; SC 7 - San Francisco 2
BOTTOM OF THE 9TH
San Francisco Fog batting - Pitching for SC Storm : RHP José Sánchez
Batting: RHB Mark Ross 0-0: Called Strike
0-1: Foul Ball, location: 2F
0-2: Ball
1-2: Ground out 5-3 (Groundball, 5L)
Batting: RHB Matt Mooney 0-0: Ball
1-0: Ball
2-0: Foul Ball, location: 2F
2-1: Ball
3-1: Base on Balls
Batting: LHB Manuel Núñez 0-0: Ball
1-0: Ball
2-0: Ball
3-0: Base on Balls
Matt Mooney to second
Pinch Hitting: RHB Alfred Roberts 0-0: Ball
1-0: Ball
2-0: Ball
3-0: Base on Balls
Matt Mooney to third
Manuel Núñez to second
Pitching: RHP Richie Allen
Batting: RHB Manuel González 0-0: Ball
1-0: Called Strike
1-1: Swinging Strike
1-2: Ball
2-2: Ball
3-2: Base on Balls
Matt Mooney scores
Manuel Núñez to third
Alfred Roberts to second
Batting: RHB Chris O'Colgley 0-0: Called Strike
0-1: Foul Ball, location: 2F
0-2: Ball
1-2: Ball
2-2: Strikes out looking
Batting: RHB Fernando López 0-0: Foul Ball, location: 2F
0-1: SINGLE (Line Drive, 6D)
Manuel Núñez scores
Alfred Roberts to third
Manuel González to second
Batting: RHB Pablo León 0-0: Swinging Strike
0-1: Called Strike
0-2: Ground out U3 (Groundball, 3S)
Bottom of the 9th over - 2 run(s), 1 hit(s), 0 error(s), 3 left on base; SC 7 - San Francisco 4
This league is powered by Out of the Park Baseball, the baseball management simulation game for PC, Mac and Linux
Thursday, April 24th, 2014 - OOTP Baseball 14.6 Build 33